 Dungeon Crawl Stone Soup version 0.17-a0-2198-g482c6e3 (webtiles) character file.

3614 Ordine the Thaumaturge (level 9, -1/52 HPs)
             Began as a Deep Elf Wizard on Oct 26, 2015.
             Was a Follower of Vehumet.
             Slain by a warg (12 damage)
             ... on level 8 of the Dungeon.
             The game lasted 00:51:57 (9721 turns).

Ordine the Thaumaturge (Deep Elf Wizard)            Turns: 9721, Time: 00:51:57

Health: -1/52      AC: 10    Str:  4    XL:     9   Next: 86%
Magic:  13/24      EV: 15    Int: 27    God:    Vehumet [*.....]
Gold:   90         SH:  0    Dex: 13    Spells: 5 memorised, 15 levels left

rFire  . . .     SeeInvis .     p - +3 dagger (elec)
rCold  + . .     Clarity  .     L - +2 robe {rC+}
rNeg   . . .     SustAt   .     (no shield)
rPois  .         Gourm    .     r - +2 hat
rElec  .         Spirit   .     n - +0 cloak
rCorr  .         Warding  .     j - +2 pair of gloves
rMut   .         Stasis   .     (no boots)
MR     .....                    (no amulet)
Stlth  ++++......               b - ring of stealth
                                k - ring of stealth

@: repel missiles, not resistant to hostile enchantments, stealthy
A: no striking features
a: Renounce Religion


You were on level 8 of the Dungeon.
You worshipped Vehumet.
Vehumet was aware of your devotion.
You were not hungry.

You visited 2 branches of the dungeon, and saw 9 of its levels.

You collected 318 gold pieces.
You spent 228 gold pieces at shops.

Inventory:

Hand Weapons
 p - a +3 dagger of electrocution (weapon)
Armour
 j - a +2 pair of gloves (worn)
 n - a +0 cloak (worn)
 r - a +2 hat (worn)
 L - a +2 robe of cold resistance (worn)
Magical Staves
 s - an uncursed staff of poison
Jewellery
 b - a ring of stealth (right hand)
 k - a ring of stealth (left hand)
Wands
 x - a wand of teleportation (3)
 A - a wand of fire (8)
 C - a wand of lightning (4)
 F - a wand of hasting (5)
 I - a wand of fireball (3)
 K - a wand of polymorph (7)
Scrolls
 e - 2 scrolls of magic mapping
 g - 7 scrolls of teleportation
 l - a scroll of enchant armour
 v - a scroll of recharging
 y - a scroll of fear
 z - 2 scrolls of fog
 B - 2 scrolls of remove curse
 D - 2 scrolls of summoning
 G - a scroll of torment
 H - a scroll of holy word
Potions
 f - a potion of brilliance
 h - a potion of invisibility
 m - a potion of might
 t - a potion of magic
 w - a potion of agility {unknown}
Books
 c - a book of Minor Magic

   Spells                             Type                      Level
   a - Magic Dart                     Conjuration                  1
   b - Blink                          Translocation                2
   c - Call Imp                       Summoning                    2
   d - Repel Missiles                 Charms/Air                   2
   e - Slow                           Hexes                        2
   f - Conjure Flame                  Conjuration/Fire             3
   g - Mephitic Cloud                 Conjuration/Poison/Air       3
 u - a book of Alchemy

   Spells                             Type                      Level
   a - Sublimation of Blood           Necromancy                   2
   b - Ignite Poison                  Fire/Transmutation/Poison    3
   c - Alistair's Intoxication        Transmutation/Poison         4
   d - Condensation Shield            Ice                          4
   e - Petrify                        Transmutation/Earth          4
   f - Irradiate                      Conjuration/Transmutation    5
Comestibles
 d - 6 bread rations
 i - a royal jelly
 o - 5 meat rations
 q - 9 slices of pizza
 E - 3 beef jerkies


   Skills:
 + Level 3.9 Fighting
 + Level 4.5 Short Blades
 + Level 6.1 Dodging
 - Level 2.4 Stealth
 + Level 9.0 Spellcasting
 + Level 6.7 Conjurations
   Level 1.1 Summonings
 - Level 3.0 Translocations
 + Level 5.3 Fire Magic
 + Level 4.7 Air Magic


You had 15 spell levels left.
You knew the following spells:

 Your Spells              Type           Power        Failure   Level  Hunger
a - Magic Dart            Conj           ####         1%          1    None
b - Blink                 Tloc           N/A          1%          2    None
c - Conjure Flame         Conj/Fire      #####...     1%          3    None
d - Repel Missiles        Chrm/Air       ####..       2%          2    None
e - Mephitic Cloud        Conj/Pois/Air  ####....     2%          3    None


Dungeon Overview and Level Annotations

Branches:
Dungeon (8/15)             Temple (1/1) D:5
   Lair: D:8-11

Altars:
Ashenzari
Cheibriados
Dithmenos
Elyvilon
Fedhas
Gozag
Kikubaaqudgha
Makhleb
Nemelex Xobeh
Okawaru
Qazlal
Ru
Sif Muna
Trog
Vehumet
Xom
Yredelemnul
Zin
The Shining One

Shops:
D:5 =   D:7 ?


Message History

Things that are here:
an animal skin; an arrow of flame You see here an arrow of flame.
The orc wizard casts a spell.
The orc wizard blinks!
The warg closely misses you.
Things that are here:
a flail of protection; a robe You hit the warg.
The warg is severely wounded.
The warg bites you.
* * * LOW HITPOINT WARNING * * *
Casting: Magic Dart
Confirm with . or Enter, or press ? or * to list all spells.
Aiming: Magic Dart
Press: ? - help, Shift-Dir - straight line, f/p - warg
Aim: a warg (severely wounded)
The magic dart hits the warg.
The warg is severely wounded.
The warg bites you!
You die...

# #<# #.#
#.######..# ######
#.#########.# .>#
....#
#...)[....#.# ###
###.#
#########.#.# #.#
........§o#
#.############)###
#..........(.#[#
############)#h#
#.#@# #.#.# #.#.#
#.#.# #.).# #####


You could see a warg.

Vanquished Creatures
  Pikel (D:8)
  Joseph (D:7)
  Grinder (D:5)
  A human (D:7)
  A sky beast (D:5)
  An orc warrior (D:6)
  2 ice beasts
  5 centaurs
  2 giant frogs (D:7)
  3 scorpions
  4 killer bees
  5 wights (D:7)
  3 crimson imps
  A giant frog zombie (D:8)
  A giant frog skeleton (D:6)
  2 iguanas (D:7)
  3 orc wizards
  Crazy Yiuf (D:2)
  2 hounds (D:7)
  An orc priest (D:5)
  Natasha (thrice) (D:4)
  7 worker ants
  4 sheep (D:7)
  2 hound zombies (D:5)
  10 adders
  4 gnolls (D:7)
  A shadow imp (D:7)
  4 oozes
  5 worms
  14 orcs
  6 bats
  6 giant cockroaches
  4 hobgoblins
  10 jackals
  3 quokkas
  2 ball pythons
  10 giant geckos
  6 giant newts
  7 goblins
  15 kobolds
  A quokka skeleton (D:4)
  7 rats
172 creatures vanquished.

Vanquished Creatures (collateral kills)
  An orc (D:7)
1 creature vanquished.

Vanquished Creatures (others)
  A centaur (D:8)
  4 slaves (D:8)
  2 orcs (D:8)
7 creatures vanquished.

Grand Total: 180 creatures vanquished

Notes
Turn   | Place    | Note
--------------------------------------------------------------
     0 | D:1      | Ordine the Deep Elf Wizard began the quest for the Orb.
     0 | D:1      | Reached XP level 1. HP: 10/10 MP: 7/7
   463 | D:1      | Reached XP level 2. HP: 15/15 MP: 7/9
   467 | D:1      | Learned a level 2 spell: Blink
   470 | D:1      | Learned a level 2 spell: Repel Missiles
  1345 | D:2      | Reached XP level 3. HP: 19/19 MP: 0/11
  1467 | D:2      | Learned a level 3 spell: Conjure Flame
  1471 | D:2      | Learned a level 3 spell: Mephitic Cloud
  1574 | D:2      | Reached skill level 5 in Spellcasting
  1684 | D:2      | Noticed Crazy Yiuf
  1696 | D:2      | Killed Crazy Yiuf
  1696 | D:2      | Reached XP level 4. HP: 12/24 MP: 0/13
  2950 | D:3      | Reached XP level 5. HP: 28/28 MP: 6/15
  3757 | D:4      | Noticed Natasha
  3759 | D:4      | Reached skill level 1 in Short Blades
  3759 | D:4      | Reached skill level 1 in Fire Magic
  3837 | D:4      | Killed Natasha
  3837 | D:4      | Reached XP level 6. HP: 24/33 MP: 6/16
  3841 | D:4      | Noticed Natasha
  3843 | D:4      | Killed Natasha
  3843 | D:4      | Reached skill level 6 in Spellcasting
  3985 | D:4      | Noticed Natasha
  3987 | D:4      | Killed Natasha
  4198 | D:4      | Reached skill level 1 in Fighting
  4198 | D:4      | Reached skill level 1 in Air Magic
  4491 | D:4      | Found a bloodstained altar of Trog.
  4525 | D:5      | Entered Level 5 of the Dungeon
  4542 | D:5      | Found a staircase to the Ecumenical Temple.
  4553 | Temple   | Entered the Ecumenical Temple
  4657 | Temple   | Became a worshipper of Vehumet
  4669 | D:5      | Noticed Grinder
  4685 | D:5      | Killed Grinder
  4685 | D:5      | Reached XP level 7. HP: 38/38 MP: 9/18
  5226 | D:5      | Reached skill level 5 in Conjurations
  5244 | D:5      | Reached XP level 8. HP: 44/44 MP: 10/20
  5314 | D:5      | Found Gilomn's Jewellery Emporium.
  5342 | D:5      | Found a burning altar of Makhleb.
  5350 | D:5      | Reached skill level 7 in Spellcasting
  6214 | D:6      | Got an ichor-stained ring mail
  6225 | D:6      | Identified the +1 ring mail of Popaohim {Regen+ Str+3} (You found it on level 6 of the Dungeon)
  6445 | D:7      | Found Waatodef's Magic Scroll Emporium.
  6526 | D:7      | Bought a scroll of summoning for 114 gold pieces
  6526 | D:7      | Bought a scroll of torment for 90 gold pieces
  6526 | D:7      | Bought a scroll of identify for 24 gold pieces
  6910 | D:7      | Noticed Joseph
  6994 | D:6      | Reached * piety under Vehumet
  6994 | D:6      | Offered knowledge of Freeze by Vehumet.
  7306 | D:6      | Reached skill level 5 in Dodging
  7755 | D:7      | Killed Joseph
  7755 | D:7      | Reached XP level 9. HP: 21/50 MP: 14/22
  7988 | D:7      | Reached skill level 8 in Spellcasting
  9345 | D:8      | Reached skill level 5 in Fire Magic
  9348 | D:8      | Noticed Pikel
  9383 | D:8      | Killed Pikel
  9464 | D:8      | Reached skill level 9 in Spellcasting
  9721 | D:8      | Slain by a warg

Vault maps used:
D:1:      dpeg_arrival_rooms_c
D:2:      first_bread, feat_on_display, uniq_crazy_yiuf_cottage
D:3:      kennysheep_big_empty_room
D:4:      kennysheep_mini_moat, uniq_natasha
D:5:      minmay_temple_entry_statues_fountains, basic_altar, serial_shops,
          shop, uniq_grinder
D:6:      kennysheep_generic_room_6
D:7:      serial_shops, shop, hangedman_decor_clover_reticule, grunt_livestock,
          minmay_door_square, uniq_joseph
D:8:      erik_lair_orcish_takeover, uniq_prince_ribbit1, uniq_pikel
Temple:   grunt_circular_temple_18

Action                   |  1- 3 |  4- 6 |  7- 9 || total
-------------------------+-------+-------+-------++-------
Melee: Short sword       |    11 |    31 |       ||    42
       Dagger            |       |       |    59 ||    59
       Unarmed           |       |       |     6 ||     6
 Cast: Magic Dart        |    78 |   190 |   372 ||   640
       Repel Missiles    |     1 |     1 |     4 ||     6
       Blink             |     1 |     7 |     5 ||    13
       Conjure Flame     |     1 |     2 |    13 ||    16
       Mephitic Cloud    |       |     2 |     8 ||    10
  Use: Scroll            |     7 |    10 |     7 ||    24
       Potion            |       |     2 |     2 ||     4
 Stab: Confused          |       |       |     2 ||     2
  Eat: Chunk             |     2 |     9 |    16 ||    27
